 Dungeon Crawl Stone Soup version 0.29-a0-23-ga79f92ac9c (webtiles) character file.

Game seed: 7821397579891517010

22964 freelancePsychic the Arsonist (level 13, -2/72 HPs)
             Began as a Vine Stalker Brigand on Jan 31, 2022.
             Was a High Priest of Vehumet.
             Shot with an arrow by a centaur (4 damage)
             ... on level 4 of the Lair of Beasts.
             The game lasted 00:40:33 (17583 turns).

freelancePsychic the Arsonist (VSBr)               Turns: 17583, Time: 00:40:34

Health: -2/72      AC:  7    Str: 15    XL:     13   Next: 3%
Magic:  0/33       EV: 14    Int: 21    God:    Vehumet [*****.]
Gold:   702        SH:  0    Dex: 16    Spells: 13/25 levels left

rFire   + . .      SeeInvis .   w - +3 dagger (freeze)
rCold   . . .      Faith    .   (no shield)
rNeg    . . .      Spirit   +   A - +0 leather armour of Woysionu {rCorr MP+9}
rPois   +          Reflect  .   (no helmet)
rElec   .          Harm     .   c - +0 cloak
rCorr   +          Rampage  .   l - +2 pair of gloves
Will    +....                   (no boots)
Stlth   ++++......              (no amulet)
HPRegen 1.02/turn               m - ring of protection from fire
MPRegen 0.23/turn               P - +6 ring of intelligence

@: no status effects
A: fangs 3, regeneration 1, magic shield, antimagic bite, no potion heal 2,
poison resistance
a: Renounce Religion


You were on level 4 of the Lair of Beasts.
You worshipped Vehumet.
Vehumet was extremely pleased with you.
You visited 2 branches of the dungeon, and saw 14 of its levels.
You also visited: Sewer and Volcano.

You collected 702 gold pieces.

Inventory:

Hand Weapons
 a - a +3 dagger
 w - a +3 dagger of freezing (weapon)
Missiles
 d - 31 poisoned darts
 e - 3 curare-tipped darts (quivered)
 f - 9 throwing nets
Armour
 c - a +0 cloak (worn)
 l - a +2 pair of gloves (worn)
 A - the +0 leather armour of Woysionu (worn) {rCorr MP+9}
   (You found it on level 4 of the Dungeon)

   MP:        It affects your magic capacity (+9).
   rCorr:     It protects you from acid and corrosion.
Jewellery
 m - a ring of protection from fire (left hand)
 p - an amulet of faith
 u - a ring of protection from fire
 E - a ring of ice
 G - a ring of ice
 I - a ring of fire
 P - a +6 ring of intelligence (right hand)
 Q - a ring of positive energy
Wands
 t - a wand of charming (12)
 C - a wand of paralysis (12)
 F - a wand of mindburst (13)
 L - a wand of flame (19)
Scrolls
 b - a scroll of amnesia
 q - 2 scrolls of enchant weapon
 r - 2 scrolls of teleportation {@r4}
 v - 4 scrolls of fog
 y - a scroll of immolation
 D - 2 scrolls of enchant armour
 J - a scroll of silence
 K - a scroll of brand weapon
 M - a scroll of blinking
Potions
 g - 2 potions of lignification
 h - a potion of ambrosia
 i - a potion of flight
 j - 4 potions of brilliance {unknown}
 k - 5 potions of haste {@q3}
 n - 2 potions of resistance {unknown}
 o - a potion of degeneration
 s - 2 potions of attraction
 x - 2 potions of mutation
 z - a potion of heal wounds {unknown}
 B - 2 potions of invisibility {unknown}
 H - 3 potions of magic {unknown}
 N - a potion of curing {unknown}
 O - a potion of might {unknown}


   Skills:
 - Level 9.8 Fighting
 - Level 3.2 Short Blades
 - Level 1.7 Throwing
 - Level 5.7 Dodging
 - Level 10.0 Stealth
 - Level 6.8 Spellcasting
 + Level 8.5 Conjurations
 - Level 1.9 Hexes
 + Level 11.5 Fire Magic


You had 13 spell levels left.
You knew the following spells:

 Your Spells              Type           Power      Damage    Failure   Level
a - Shock                 Conj/Air       100%       1d9       1%          1
b - Scorch                Fire           100%       2d10      1%          2
c - Inner Flame           Hex/Fire       35%        N/A       1%          3
d - Starburst             Conj/Fire      24%        6d8       7%          6

Your spell library contained the following spells:

 Spells                   Type           Power      Damage    Failure   Level
 Static Discharge         Conj/Air       25%        N/A       1%          2
 Stone Arrow              Conj/Erth      50%        3d10      1%          3
 Sandblast                Erth           14%        2d6       3%          1
 Poisonous Vapours        Pois/Air       14%        N/A       4%          2
 Ensorcelled Hibernation  Hex/Ice        22%        N/A       11%         2
 Passwall                 Tmut/Erth      5%         N/A       17%         2
 Gell's Gravitas          Tloc           7%         N/A       32%         3
 Lesser Beckoning         Tloc           7%         N/A       32%         3
 Swiftness                Air            7%         N/A       32%         3
 Teleport Other           Tloc           7%         N/A       32%         3


Dungeon Overview and Level Annotations

Branches:
Dungeon (10/15)            Temple (0/1) D:7            Lair (4/6) D:9
 Shoals (0/4) Lair:4        Snake (0/4) Lair:3          Orc (0/2) D:9
  Sewer (visited)         Volcano (visited)

Altars:
Ashenzari
Cheibriados
Elyvilon
Hepliaklqana
Qazlal
Ru
Trog
Uskayaw
Vehumet
Yredelemnul
Zin

Annotations:
D:3 Ijyb
D:7 3 runed translucent doors, frimble's ghost, novice DsWr
Lair:1 Gastronok


Innate Abilities, Weirdness & Mutations

You have razor-sharp teeth.
Your natural rate of healing is unusually fast.
When hurt, damage is shared between your health and your magic reserves.
Your bite disrupts and absorbs the magic of your enemies.
Potions cannot restore your health.
Your system is resistant to poisons. (rPois)


Message History

Casting: Scorch (safe; 1% risk of failure)
Confirm with . or Enter, or press ? or * to list all spells.
Flames lash the boulder beetle.
The boulder beetle is moderately wounded.
The boulder beetle's fire resistance burns away.
The centaur shoots an arrow.
The arrow barely misses you.
The boulder beetle stops rolling and uncurls.
Casting: Scorch (safe; 1% risk of failure)
Confirm with . or Enter, or press ? or * to list all spells.
Flames lash the boulder beetle.
The boulder beetle is burned terribly!
The boulder beetle is heavily wounded.
The centaur shoots an arrow.
The arrow hits you.
The centaur shoots an arrow.
The arrow closely misses you.
Casting: Scorch (safe; 1% risk of failure)
Confirm with . or Enter, or press ? or * to list all spells.
Flames lash the centaur.
The centaur is almost dead.
The centaur's fire resistance burns away.
Casting: Scorch (safe; 1% risk of failure)
Confirm with . or Enter, or press ? or * to list all spells.
Flames lash the boulder beetle but do no damage.
The centaur shoots an arrow.
The arrow hits you but does no damage.
Casting: Scorch (safe; 1% risk of failure)
Confirm with . or Enter, or press ? or * to list all spells.
Flames lash the boulder beetle.
The boulder beetle is burned terribly!
The boulder beetle is heavily wounded.
The boulder beetle is engulfed in blazing flames.
The boulder beetle bites you!
You hit the boulder beetle but do no damage.
You bite the boulder beetle. You drain its power.
You feel invigorated.
The boulder beetle is heavily wounded.
The centaur is no longer more vulnerable to fire.
The boulder beetle bites you!!
* * * LOW HITPOINT WARNING * * *
Okay, then.
Blink to where?
Press: ? - help, Dir - move target, p - boulder beetle
As you read the scroll of blinking, it crumbles to dust.
The centaur shoots an arrow.
The arrow hits you.
You die...

#.####..§§######....##
#.......§c§###.......##
.).##§B#†........P..#.
## ###......P..P..P..
##......PP..PP..
##.............
#........P....
#....P.P...P..
#.#..@...>.....
##.........P..P
#PP..P.......P
##.....P......
##........P..
#..P...P.P..
#...........
#...........


You could see a boulder beetle (combustible) and a centaur.

Vanquished Creatures
  A two-headed ogre (D:9)
  17 elephants
  Joseph (D:10)
  6 cane toads
  2 komodo dragons
  A kobold demonologist (D:10)
  4 blink frogs (Lair:1)
  A hornet (Lair:3)
  A polar bear (Lair:2)
  A shadow (D:9)
  A spriggan (Lair:3)
  2 wyverns
  26 yaks
  Grum (Lair:1)
  3 basilisks
  A steam dragon (D:7)
  3 nagas (Lair:3)
  6 water moccasins
  9 orc warriors
  2 black bears
  A necrophage (D:8)
  4 sky beasts
  A hornet zombie (D:8)
  2 ice beasts
  5 ogres
  11 wolves
  3 centaurs
  A phantom (D:3)
  3 kobold brigands
  Blork the orc (D:5)
  9 bullfrogs
  2 gnoll sergeants
  5 scorpions
  A water moccasin skeleton (D:5)
  8 wights
  3 electric eels (Lair:2)
  A jelly (D:5)
  6 howler monkeys
  2 lava snakes (Lair:2)
  A hound (D:6)
  3 centaur zombies
  10 orc priests
  A gnoll shaman (D:6)
  Natasha (D:1)
  2 iguanas
  15 orc wizards
  4 hell rats (Lair:3)
  A killer bee zombie (D:6)
  A hound zombie (D:5)
  A howler monkey zombie (D:5)
  10 gnolls
  2 howler monkey skeletons
  3 river rats (D:4)
  10 adders
  A white imp (D:7)
  A worm (D:2)
  5 dart slugs
  36 orcs
  7 bats
  16 endoplasms
  9 giant cockroaches
  14 goblins
  3 hobgoblins
  2 jackals (D:5)
  9 quokkas
  16 ball pythons
  12 frilled lizards
  14 kobolds
  7 rats
  2 bushes (D:8)
377 creatures vanquished.

Vanquished Creatures (others)
  A quokka (D:4)
  100 fungi
  80 plants
181 creatures vanquished.

Grand Total: 558 creatures vanquished

Notes
Turn   | Place    | Note
-------+----------+-------------------------------------------
     0 | D:1      | freelancePsychic the Vine Stalker Brigand began the quest
                  | for the Orb.
     0 | D:1      | Reached XP level 1. HP: 11/11 MP: 2/2
    93 | D:1      | Reached XP level 2. HP: 15/15 MP: 3/3
   339 | D:1      | Found a faded altar of an unknown god.
   349 | D:1      | Prayed at the altar of an unknown god.
   349 | D:1      | Became a worshipper of Vehumet
   349 | D:1      | Reached * piety under Vehumet
   349 | D:1      | Offered knowledge of Shock by Vehumet.
   694 | D:1      | Reached XP level 3. HP: 18/18 MP: 4/4
  1347 | D:2      | Noticed Natasha
  1513 | D:1      | Learned a level 1 spell: Shock
  2056 | D:1      | Killed Natasha
  2057 | D:1      | Reached skill level 1 in Spellcasting
  2057 | D:1      | Gained mutation: Your natural rate of healing is unusually
                  | fast. [Vine Stalker growth]
  2057 | D:1      | Reached XP level 4. HP: 14/23 MP: 6/6
  2164 | D:3      | Found a hide-covered altar of Uskayaw.
  2312 | D:3      | Noticed a phantom
  2347 | D:4      | Noticed a black bear
  2405 | D:4      | Reached skill level 1 in Conjurations
  2543 | D:4      | Offered knowledge of Scorch by Vehumet.
  2547 | D:4      | Reached ** piety under Vehumet
  2548 | D:4      | Reached XP level 5. HP: 24/27 MP: 3/8
  2561 | D:4      | Found a glowing drain.
  2570 | Sewer    | Entered a sewer
  2635 | Sewer    | Learned a level 2 spell: Scorch
  2928 | Sewer    | Reached skill level 1 in Fire Magic
  3263 | Sewer    | Offered knowledge of Inner Flame by Vehumet.
  3282 | Sewer    | Reached skill level 2 in Fire Magic
  3282 | Sewer    | Reached XP level 6. HP: 32/32 MP: 1/10
  3285 | Sewer    | Reached *** piety under Vehumet
  3703 | D:3      | Noticed Ijyb
  3857 | D:3      | Reached skill level 3 in Fire Magic
  3857 | D:3      | Reached XP level 7. HP: 36/36 MP: 3/12
  4709 | D:4      | Reached skill level 4 in Fire Magic
  4834 | D:4      | Found a white marble altar of Elyvilon.
  4859 | D:4      | Learned a level 3 spell: Inner Flame
  5412 | D:4      | Identified the +0 leather armour of Woysionu {rCorr MP+9}
  5528 | D:5      | Entered Level 5 of the Dungeon
  5646 | D:5      | Got the Compendium of Weightlessness
  5670 | D:5      | Reached skill level 5 in Fire Magic
  5670 | D:5      | Gained mutation: You have razor-sharp teeth. [Vine Stalker
                  | growth]
  5670 | D:5      | Reached XP level 8. HP: 42/42 MP: 14/14
  5899 | D:5      | Reached skill level 1 in Hexes
  5993 | D:5      | Offered knowledge of Conjure Flame by Vehumet.
  6069 | D:5      | Reached skill level 6 in Fire Magic
  6253 | D:5      | Reached skill level 5 in Stealth
  6260 | D:5      | Found a basalt altar of Yredelemnul.
  6313 | D:5      | Noticed Blork the orc
  6322 | D:5      | Killed Blork the orc
  6323 | D:5      | Reached skill level 5 in Fighting
  6496 | D:5      | Found a snail-covered altar of Cheibriados.
  6755 | D:6      | Reached skill level 5 in Spellcasting
  6873 | D:6      | Found a stormy altar of Qazlal.
  6895 | D:6      | Reached XP level 9. HP: 47/47 MP: 17/17
  7238 | D:6      | Reached skill level 7 in Fire Magic
  7525 | D:6      | Reached **** piety under Vehumet
  7593 | D:6      | Found a broken altar of Ashenzari.
  7958 | D:7      | Found a staircase to the Ecumenical Temple.
  8032 | D:7      | Reached skill level 1 in Dodging
  8032 | D:7      | Reached XP level 10. HP: 53/53 MP: 21/21
  8537 | D:7      | Found a runed translucent gate.
  8537 | D:7      | Found a runed translucent gate.
  8537 | D:7      | Found a runed translucent gate.
  8543 | D:7      | Noticed frimble's ghost (novice DsWr)
  9001 | D:8      | Offered knowledge of Hailstorm by Vehumet.
  9187 | D:8      | Found a sacrificial altar of Ru.
  9337 | D:8      | Found a hazy altar of Hepliaklqana.
 10009 | D:8      | Found a bloodstained altar of Trog.
 10659 | D:9      | Noticed an elephant
 10774 | D:9      | Killed an elephant
 10836 | D:9      | Reached XP level 11. HP: 47/60 MP: 10/22
 11056 | D:9      | Found a staircase to the Lair.
 11077 | D:9      | Reached ***** piety under Vehumet
 11185 | D:9      | Found a staircase to the Orcish Mines.
 11187 | D:9      | Offered knowledge of Starburst by Vehumet.
 11294 | D:9      | Reached skill level 8 in Fire Magic
 11363 | D:9      | Noticed a two-headed ogre
 11366 | D:9      | Killed a two-headed ogre
 11432 | D:9      | Learned a level 6 spell: Starburst
 12127 | D:10     | Entered Level 10 of the Dungeon
 12173 | D:10     | Noticed Joseph
 12323 | D:10     | Killed Joseph
 12324 | D:10     | Reached skill level 10 in Stealth
 12428 | D:10     | Noticed a soul eater
 12437 | D:10     | Noticed a sixfirhy
 12498 | D:10     | Noticed a two-headed ogre
 12900 | Lair:1   | Entered Level 1 of the Lair of Beasts
 12903 | Lair:1   | Noticed Gastronok
 12931 | Lair:1   | Noticed Grum
 12939 | Lair:1   | Killed Grum
 13035 | Lair:1   | Reached skill level 5 in Dodging
 13153 | Lair:1   | Found a dark tunnel.
 13206 | Volcano  | Entered a volcano
 13260 | Volcano  | Noticed a sun demon
 13265 | Volcano  | Gained mutation: Your system is resistant to poisons.
                  | (rPois) [potion of mutation]
 13991 | Lair:1   | Reached skill level 9 in Fire Magic
 14477 | Lair:2   | Found a glowing silver altar of Zin.
 14497 | Lair:2   | Reached XP level 12. HP: 30/67 MP: 11/23
 14757 | Lair:2   | Reached skill level 5 in Conjurations
 15539 | Lair:2   | Reached skill level 10 in Fire Magic
 15768 | Lair:3   | Found a staircase to the Snake Pit.
 16573 | Lair:3   | Reached skill level 11 in Fire Magic
 16631 | Lair:3   | Noticed a dire elephant
 17553 | Lair:4   | Found a staircase to the Shoals.
 17555 | Lair:4   | Reached XP level 13. HP: 72/72 MP: 24/24
 17582 | Lair:4   | HP: 1/72 [boulder beetle (23)]
 17583 | Lair:4   | Shot with an arrow by a centaur

Illustrated notes

Levels and vault maps discovered:
D:1:      moated_graveyard_arrival, layout_loops_corners,
          dreamdust_ecumenical_altar_angels_and_demons
D:2:      layout_loops_ring, minivault_19, uniq_natasha
D:3:      layout_basic, nicolae_uskayaw_murder_on_the_dancefloor, uniq_ijyb
D:4:      layout_loops_cross, elyvilon_altar_4, portal_sewer_entry_b
D:5:      layout_gridville, cheibriados_altar_2,
          lemuel_zombie_altar_yredelemnul, grunt_ministairs_1,
          amcnicky_mini_rare_corridor_liquid, chequers_serial_rivers_room_a,
          uniq_blork_the_orc
D:6:      layout_basic, kennysheep_mini_moat, nicolae_qazlal_general_emergency
D:7:      layout_cave_pods, minmay_temple_entry_hall, gammafunk_ghost_necromancy
D:8:      layout_loops_ring, mainiacjoe_overflow_chevrons,
          amcnicky_altar_gilded, mainiacjoe_overflow_paths, chequers_avenue,
          hangedman_abyss_or_decor_clamps, kennysheep_decorative_pillar,
          wad_rectangle_vault
D:9:      layout_loops_ring, david_lair_generic, erik_orc_3
D:10:     layout_layer_cave, lemuel_round_altar, ebering_ghost_rock_garden,
          uniq_joseph
Lair:1:   layout_loops_ring, nicolae_volcano_entry_s_turn, uniq_gastronok,
          uniq_grum
Lair:2:   layout_misc_corridors, basic_altar, nicolae_lair_liquid_snakes,
          lemuel_fruit_fields
Lair:3:   mu_elephants_graveyard, layout_gridlike,
          minmay_snake_entry_guardpost_small
Lair:4:   layout_cave_pods, minmay_shoals_entry_centaurs, basic_altar

Skill      XL: |  1  2  3  4  5  6  7  8  9 10 11 12 |
---------------+-------------------------------------+-----
Short Blades   | 2 3 |  3.2
Fighting       | 2 3 4 5 6 8 9 |  9.8
Spellcasting   | 1 2 3 5 6 |  6.8
Conjurations   | 1 4 8 |  8.5
Fire Magic     | 2 3 5 6 7 9 11 | 11.5
Hexes          | 1 |  1.9
Stealth        | 5 8 10 | 10.0
Dodging        | 1 4 5 |  5.7
Throwing       | |  1.7

Action                   |  1- 3 |  4- 6 |  7- 9 | 10-12 | 13-15 || total
-------------------------+-------+-------+-------+-------+-------++-------
Melee: Dagger            |    87 |   110 |    72 |   212 |     1 ||   482
       Bite              |    24 |    25 |    26 |    78 |     1 ||   154
       Punch             |     1 |     2 |     2 |     4 |       ||     9
Throw: Dart              |     1 |       |     1 |     2 |       ||     4
 Cast: Shock             |     8 |    48 |     3 |       |       ||    59
       Scorch            |       |    23 |   108 |   229 |     7 ||   367
       Inner Flame       |       |       |    28 |   110 |     3 ||   141
       Starburst         |       |       |       |    24 |     1 ||    25
Evoke: Wand              |       |       |       |     3 |       ||     3
  Use: Scroll            |       |     6 |     7 |    10 |     1 ||    24
       Potion            |       |       |       |     5 |       ||     5
 Stab: Sleeping          |    16 |     3 |     8 |     5 |       ||    32
       Distracted        |       |       |     1 |       |       ||     1
Armor: Robe              |    19 |    45 |    19 |       |       ||    83
       Leather armour    |       |       |    22 |    95 |     1 ||   118
Dodge: Dodged            |    34 |    79 |    66 |   201 |    13 ||   393

Table legend: (Time is in decaauts)
 A = Elapsed time spent in this place.
 B = Non-inter-level travel time spent in this place.
 C = Inter-level travel time spent in this place.
 D = Time resting spent in this place.
 E = Time spent auto-exploring this place.
 F = Levels seen in this place.
 G = Mean time per level.
                   A        B        C        D        E       F      G
               +--------+--------+--------+--------+--------+-----+--------+
         Total |  17578 |  17037 |    541 |   1048 |  12924 |  16 | 1098.6 |
       Dungeon |  12022 |  11648 |    374 |    450 |   9209 |  10 | 1202.2 |
          Lair |   4578 |   4412 |    166 |    598 |   3032 |   4 | 1144.5 |
         Sewer |    902 |    902 |      0 |      0 |    630 |   1 |  902.0 |
       Volcano |     75 |     75 |      0 |      0 |     52 |   1 |   75.0 |
               +--------+--------+--------+--------+--------+-----+--------+

Top non-repeatable levels by time:
     D:9: 1850 daAuts
  Lair:3: 1522 daAuts
  Lair:2: 1502 daAuts
  Lair:1: 1492 daAuts
     D:8: 1490 daAuts
     D:3: 1374 daAuts
     D:4: 1274 daAuts
     D:1: 1270 daAuts
     D:6: 1234 daAuts
     D:7: 1074 daAuts
     D:5: 1049 daAuts
   Sewer: 902 daAuts
     D:2: 844 daAuts
    D:10: 560 daAuts
 Volcano: 75 daAuts
